Unix NetHack Version 5.0.0-0 post-release - last build May 23 2026 06:08:33 (1c0ff79ee797540d5714e4e18072db0edd9e58ae,branch:main).

Game began 2026-05-26 19:08:23, ended 2026-05-27 18:47:47.

Koku, neutral female gnomish Wizard

                #@?
           -----%----------
           |..............|        --------
           ..............%.#       |......|
           |....<.........|#####   |......|
           ----------------    ##  |......|
                                ###-.......######
                                   |......|
                                   --------

Koku the Conjurer         St:12 Dx:15 Co:12 In:19 Wi:8 Ch:9  Neutral
Dlvl:3  $:48 HP:10(19) Pw:27(29) AC:9  Xp:3 T:820 

Latest messages:
 You see here 16 gold pieces.
 $ - 16 gold pieces (48 in total).
 What do you want to eat? [v or ?*] <space>
 Never mind.
 You see here an egg.
 There is an egg here; eat it? [ynq] (n) y
 This egg is delicious!
 In what direction? 6
 The spell hits the jackal!
 You kill the jackal!
 You see here a jackal corpse.
 You hit the goblin.
 You kill the goblin!
 w - an iron skull cap.
 x - a lembas wafer.
 Where do you want to travel to?
 (For instructions type a '?')
 Where do you want to travel to?
 (For instructions type a '?')
 The gecko bites!
 You kill the gecko!
 The '-' prefix should be followed by a movement command.
 There is nothing here to pick up.
 Where do you want to travel to?
 (For instructions type a '?')
 The jackal bites!
 You miss the jackal.
 The jackal bites!
 You kill the jackal!
 You see the cave spider hide under a corpse.
 Wait!  There's a cave spider hiding under a jackal corpse!
 The cave spider bites!
 You miss the cave spider.
 The cave spider bites!
 You kill the cave spider!
 There is a doorway here.
 You see here a jackal corpse.
 The jackal misses!
 You miss the jackal.
 The jackal bites!
 You miss the jackal.
 The jackal bites!
 You kill the jackal!
 Really step into that web? [yn] (n) n
 Really quit without saving? [yn] (n) y
 Do you want your possessions identified? [ynq] (y) y
 Do you want to see your attributes? [ynq] (y) y
 Do you want an account of creatures vanquished? [ynaq] (y) y
 Do you want to see your conduct and achievements? [ynq] (y) y
 Do you want to see the dungeon overview? [ynq] (y) y

Inventory:
 Coins    ('$')
  $ - 48 gold pieces
 Weapons  (')')
  o - 2 +0 orcish daggers
  a - a blessed +1 quarterstaff (weapon in hands)
 Armor    ('[')
  w - an uncursed +0 orcish helm
  p - an uncursed +0 pair of low boots
  b - an uncursed +0 cloak of magic resistance (being worn)
 Comestibles  ('%')
  v - an uncursed slime mold
  x - an uncursed lembas wafer
 Scrolls  ('?')
  i - an uncursed scroll of create monster
  k - an uncursed scroll of earth
  r - an uncursed scroll of light
  j - an uncursed scroll of scare monster
 Spellbooks  ('+')
  m - an uncursed spellbook of chain lightning
  l - a blessed spellbook of force bolt
 Potions  ('!')
  h - an uncursed potion of blindness
  f - a blessed potion of healing
  g - an uncursed potion of healing
 Rings    ('=')
  d - an uncursed ring of conflict
  e - an uncursed ring of protection from shape changers
 Wands    ('/')
  c - a wand of create monster (0:14)
 Tools    ('(')
  s - an uncursed wooden flute
  n - a magic marker (0:20)

Koku the Wizard's attributes:

Background:
 You were a Conjurer, a level 3 female gnomish Wizard.
 You were neutral, on a mission for Thoth
 who was opposed by Ptah (lawful) and Anhur (chaotic).
 You were right-handed.
 You were in the Dungeons of Doom, on level 3.
 You entered the dungeon 820 turns ago.
 You had 66 experience points, 14 more were needed to attain level 4.

Basics:
 You had 10 out of 19 hit points.
 You had 27 out of 29 energy points (spell power).
 Your armor class was 9.
 Your wallet contained 48 zorkmids.
 Autopickup was off.

Final Characteristics:
 Your strength was 12 (limit:18/50).
 Your dexterity was 15 (limit:18).
 Your constitution was 12 (limit:18).
 Your intelligence was 19 (limit:19).
 Your wisdom was 8 (limit:18).
 Your charisma was 9 (limit:18).

Final Status:
 You weren't hungry.
 You were unencumbered.
 You were wielding a quarterstaff.
 You had basic skill with quarterstaff.

Final Attributes:
 You were fervently aligned.
 You were magic-protected.
 You had infravision.
 You were warded.
 You survived.

Miscellaneous:
 You didn't encounter any bones levels.
 Total elapsed playing time was 3 minutes and 45 seconds.

Major events:
 Turn
    1: Koku the neutral female gnomish Wizard entered the dungeon
  664: attained the rank of Conjurer (level 3)
  820: quit

Spells:
 Name                 Level Category     Fail Retention
 force bolt             1   attack         0%  91%-100%
 chain lightning        2   attack         0%  91%-100%

Skills:
 Fighting Skills
   bare handed combat [Unskilled]
   riding             [Unskilled]
 Weapon Skills
   dagger             [Unskilled]
   knife              [Unskilled]
   axe                [Unskilled]
   short sword        [Unskilled]
   club               [Unskilled]
   mace               [Unskilled]
   quarterstaff       [Basic]
   polearms           [Unskilled]
   spear              [Unskilled]
   trident            [Unskilled]
   sling              [Unskilled]
   dart               [Unskilled]
   shuriken           [Unskilled]
 Spellcasting Skills
   attack spells      [Basic]
   healing spells     [Unskilled]
   divination spells  [Unskilled]
   enchantment spells [Basic]
   clerical spells    [Unskilled]
   escape spells      [Unskilled]
   matter spells      [Unskilled]

Voluntary challenges:
 Character rerolling was not enabled.
 You were an atheist.
 You were illiterate.
 You never genocided any monsters.
 You never polymorphed an object.
 You never changed form.
 You used no wishes.
Achievement:
 You attained the rank of Conjurer.

 The Dungeons of Doom: levels 1 to 3
    Level 1:
       Some fountains.
    Level 2:
    Level 3: <- You were here.


Vanquished creatures:
  a floating eye
  a cave spider
  3 geckos
  8 jackals
  a fox
  4 goblins
  2 grid bugs
  3 lichens
  a newt
24 creatures vanquished.

No species were genocided or became extinct.

Goodbye Koku the Wizard...

You quit in The Dungeons of Doom on dungeon level 3 with 412 points,
and 48 pieces of gold, after 820 moves.
You were level 3 with a maximum of 19 hit points when you quit.

